 Dungeon Crawl Stone Soup version 0.29.1-1-gd02db6906a (webtiles) character file.

Game seed: 12906470510148654316

1692 suse60 the Cleaver (level 9, -6/69 (74) HPs)
             Began as a Formicid Fighter on Sept 28, 2022.
             Was an Initiate of Makhleb.
             Mangled by a wight
             ... wielding a +4 morningstar
              (15 damage)
             ... on level 7 of the Dungeon.
             The game lasted 00:27:39 (5312 turns).

suse60 the Cleaver (Formicid Fighter)               Turns: 5312, Time: 00:27:40

HP:   -6/69 (74)    AC: 14    Str: 31    XL:     9   Next: 22%
MP:   9/9           EV:  7    Int: 11    God:    Makhleb [......]
Gold: 327           SH:  7    Dex: 16    Spells: 8/8 levels left

rFire   . . .      SeeInvis +   a - +0 war axe
rCold   . . .      Faith    .   c - +2 buckler
rNeg    . . .      Spirit   .   b - +1 plate armour
rPois   .          Reflect  .   (helmet unavailable)
rElec   .          Harm     .   (no cloak)
rCorr   .          Rampage  .   o - +0 pair of gloves
Will    +....                   (no boots)
Stlth   ..........              (no amulet)
HPRegen 0.21/turn               g - +6 ring of dexterity
MPRegen 0.11/turn               (no ring)

@: drained, unable to drink
A: permanent stasis, dig shafts and tunnels, antennae 3, four strong arms,
clever 1, strong-willed 1, strong 2, inability to drink after injury 1
a: Dig, Shaft Self, Renounce Religion


You were on level 7 of the Dungeon.
You worshipped Makhleb.
Makhleb was noncommittal.
You visited 1 branch of the dungeon, and saw 7 of its levels.

You collected 327 gold pieces.

Inventory:

Hand Weapons
 a - a +0 war axe (weapon)
 j - a +2 hand axe of flaming
Missiles
 i - a poisoned dart (quivered)
Armour
 b - a +1 plate armour (worn)
 c - a +2 buckler (worn)
 o - a +0 pair of gloves (worn)
Jewellery
 g - a +6 ring of dexterity (left hand)
Wands
 m - a wand of digging (5)
Scrolls
 d - a scroll of poison
Potions
 e - 2 potions of brilliance
 f - 4 potions of curing
 h - 2 potions of heal wounds
 k - a potion of invisibility
 l - a potion of resistance
 n - a potion of berserk rage {unknown}
 p - a potion of attraction {unknown}
 q - a potion of lignification {unknown}


   Skills:
 - Level 8.0 Fighting
 + Level 8.1 Axes
 + Level 5.7 Armour
 - Level 4.0 Shields


You had 8 spell levels left.
You didn't know any spells.
Your spell library contained the following spells:

 Spells                   Type           Power      Damage    Failure   Level
 Static Discharge         Conj/Air       0%         3-3/arc   99%         2
 Dazzling Flash           Conj/Hex       0%         N/A       100%        3
 Gell's Gravitas          Tloc           0%         N/A       100%        3
 Ignite Poison            Fire/Tmut/Pois 0%         N/A       100%        3
 Lesser Beckoning         Tloc           0%         N/A       100%        3
 Mephitic Cloud           Conj/Pois/Air  0%         N/A       100%        3
 Teleport Other           Tloc           0%         N/A       100%        3
 Iskenderun's Mystic Bla  Conj/Tloc      0%         2d3       100%        4
 Freezing Cloud           Conj/Ice/Air   0%         6-21      100%        5
 Lightning Bolt           Conj/Air       0%         1d11      100%        5
 Starburst                Conj/Fire      0%         6d3       100%        6
 Maxwell's Capacitive Co  Air            0%         ∞         100%        8


Dungeon Overview and Level Annotations

Branches:
Dungeon (7/15)
 Temple: D:4-7

Altars:
Elyvilon
Gozag
Makhleb
Qazlal
Vehumet
Yredelemnul

Annotations:
D:6 1 runed translucent door, Sigmund


Innate Abilities, Weirdness & Mutations

You cannot be hasted, slowed, berserked, paralysed or teleported.
You can dig through walls and to a lower floor.
You have a pair of large antennae on your head. (SInv)
Your four strong arms can wield two-handed weapons with a shield.
Your mind is acute. (Int +4, Str/Dex -1)
You are strong-willed. (Will+)
Your muscles are very strong. (Str +8, Int/Dex -2)
You occasionally lose the ability to drink potions when taking damage.


Message History

You hit the wight.
The wight is lightly damaged.
The wight hits you with a +0 falchion.
You feel drained.
You slash the wight!
The wight is severely damaged.
The wight hits you with a +0 falchion.
You feel drained.
You completely miss the wight.
The wight is severely damaged.
You block the wight's attack. x2
You closely miss the wight.
The wight is severely damaged.
The wight hits you with a +0 falchion.
You slash the wight!
You destroy the wight!
Makhleb accepts your kill.
Items here: )) [[.
A wight comes into view. It is wielding a +4 morningstar.
You closely miss the wight.
The wight hits you with a +4 morningstar!
You closely miss the wight.
The wight hits you with a +4 morningstar.
You hit the wight.
The wight is moderately damaged.
The wight hits you with a +4 morningstar!
You barely miss the wight.
The wight is moderately damaged.
You block the wight's attack.
The wight hits you with a +4 morningstar!
You hit the wight.
The wight is heavily damaged.
The wight hits you with a +4 morningstar!
You feel threatened and lose the ability to drink potions!
* * * LOW HITPOINT WARNING * * *
You feel drained.
* * * LOW HITPOINT WARNING * * *
You cannot drink potions in your current state!
You barely miss the wight.
The wight is heavily damaged.
The wight hits you with a +4 morningstar!
You die...

#.##########.#..#
#..........#.#..#
#.########.#.#..#
#.# ..##.#.#H.#
### #.##.#.#...
#.##.#.#...
#.##.#.# {#z##.#.#
#@##.#.# #.##.#.#
#.##.#.#
#.##.#.###########
#.##.#............
#.)..#.###########
####.#.# #####


You could see a wight.

Vanquished Creatures
  A manticore (D:7)
  A black bear (D:5)
  An ogre (D:4)
  2 centaurs (D:6)
  A phantom (D:5)
  Blork the orc (D:4)
  2 necrophages
  3 scorpions
  2 wights (D:7)
  A howler monkey (D:4)
  A human skeleton (D:6)
  Jessica (D:3)
  An iguana (D:6)
  Natasha (thrice) (D:3)
  4 gnolls (D:3)
  9 adders
  2 white imps (D:6)
  An ufetubus (D:7)
  3 worms
  A dart slug (D:4)
  11 orcs
  4 bats
  9 endoplasms
  5 giant cockroaches
  7 hobgoblins
  2 jackals (D:3)
  7 quokkas
  4 ball pythons
  5 frilled lizards
  7 goblins
  6 kobolds
  6 rats
  A bush (D:3)
115 creatures vanquished.

Vanquished Creatures (others)
  2 plants (D:3)
2 creatures vanquished.

Grand Total: 117 creatures vanquished

Notes
Turn   | Place    | Note
-------+----------+-------------------------------------------
     0 | D:1      | suse60 the Formicid Fighter began the quest for the Orb.
     0 | D:1      | Reached XP level 1. HP: 18/18 MP: 1/1
    68 | D:1      | Reached XP level 2. HP: 13/24 MP: 2/2
   435 | D:1      | Reached XP level 3. HP: 30/30 MP: 3/3
   490 | D:1      | Gained mutation: You are dopey. (Int -2) [potion of
                  | mutation]
  1000 | D:2      | Reached XP level 4. HP: 35/37 MP: 4/4
  1433 | D:2      | Found an opulent altar of Gozag.
  1543 | D:3      | Noticed Natasha
  1549 | D:3      | Killed Natasha
  1559 | D:3      | Reached XP level 5. HP: 36/43 MP: 5/5
  1585 | D:3      | Lost mutation: You are dopey. (Int -2) [potion of mutation]
  1585 | D:3      | Gained mutation: Your spells are a little easier to cast,
                  | but a little less powerful. [potion of mutation]
  1585 | D:3      | Gained mutation: You are strong-willed. (Will+) [potion of
                  | mutation]
  1585 | D:3      | Gained mutation: You occasionally lose the ability to drink
                  | potions when taking damage. [potion of mutation]
  1585 | D:3      | Gained mutation: You possess an exceptional clarity of
                  | mind. [potion of mutation]
  1894 | D:3      | Reached skill level 5 in Fighting
  2054 | D:3      | Found a faded altar of an unknown god.
  2120 | D:3      | Noticed Jessica
  2134 | D:3      | Killed Jessica
  2135 | D:3      | Reached XP level 6. HP: 51/51 MP: 6/6
  2226 | D:3      | Noticed Natasha
  2231 | D:3      | Killed Natasha
  2392 | D:3      | Found a white marble altar of Elyvilon.
  2400 | D:3      | Noticed Natasha
  2403 | D:3      | Killed Natasha
  2766 | D:4      | Reached skill level 5 in Axes
  2766 | D:4      | Reached XP level 7. HP: 51/58 MP: 7/7
  2785 | D:4      | Found a radiant altar of Vehumet.
  3259 | D:4      | Noticed Blork the orc
  3366 | D:4      | Killed Blork the orc
  3830 | D:4      | Found a burning altar of Makhleb.
  3838 | D:4      | Became a worshipper of Makhleb the Destroyer
  3902 | D:5      | Entered Level 5 of the Dungeon
  3991 | D:5      | Found a stormy altar of Qazlal.
  4052 | D:5      | Reached XP level 8. HP: 64/67 MP: 8/8
  4539 | D:6      | Lost mutation: You possess an exceptional clarity of mind.
                  | [potion of mutation]
  4539 | D:6      | Lost mutation: Your spells are a little easier to cast, but
                  | a little less powerful. [potion of mutation]
  4539 | D:6      | Gained mutation: Your muscles are strong. (Str +4, Int/Dex
                  | -1) [potion of mutation]
  4539 | D:6      | Gained mutation: Your mind is acute. (Int +4, Str/Dex -1)
                  | [potion of mutation]
  4539 | D:6      | Gained mutation: Your muscles are very strong. (Str +8,
                  | Int/Dex -2) [potion of mutation]
  4541 | D:6      | Found a runed translucent door.
  4541 | D:6      | Noticed a human
  4556 | D:6      | Found a basalt altar of Yredelemnul.
  4588 | D:6      | Found a faded altar of an unknown god.
  4752 | D:6      | Noticed Sigmund
  5014 | D:7      | Noticed a manticore
  5028 | D:7      | Killed a manticore
  5029 | D:7      | Reached skill level 5 in Armour
  5029 | D:7      | Reached XP level 9. HP: 29/74 MP: 9/9
  5312 | D:7      | Mangled by a wight

Illustrated notes

Levels and vault maps discovered:
D:1:      reono_arrival_mine, layout_rooms
D:2:      minmay_general_purpose_star, layout_rooms, basic_altar
D:3:      layout_rooms, mainiacjoe_overflow_alcove_2, serial_forest,
          infiniplex_forest_end_3, infiniplex_forest_straight_5,
          infiniplex_forest_clump_small, infiniplex_forest_straight_2,
          nicolae_ecumenical_pavilion, minmay_pentomino_pile, uniq_jessica,
          uniq_natasha
D:4:      cheibrodos_quashed, layout_loops_ring, lemuel_coloured_pillars_altar,
          nicolae_vehumet_radiance, minmay_goblin_kobold_house,
          uniq_blork_the_orc
D:5:      layout_loops_ring, nicolae_qazlal_scattered_showers,
          kennysheep_doodads
D:6:      layout_cave_pools, dk_yredelemnul_ordeal, serial_column_ruins,
          column_ruins_temple_circle, column_ruins_corridor_straight,
          column_ruins_grid_1, column_ruins_open_medium, uniq_sigmund
D:7:      layout_basic, nicolae_gozag_seed_capital, temple_hall

Skill      XL: |  1  2  3  4  5  6  7  8 |
---------------+-------------------------+-----
Fighting       | 4 5 6 7 8 |  8.0
Axes           | 3 4 5 6 8 |  8.1
Armour         | 5 |  5.7
Shields        | |  4.0

Action                   |  1- 3 |  4- 6 |  7- 9 || total
-------------------------+-------+-------+-------++-------
Melee: War axe           |    86 |   196 |   133 ||   415
Throw: Dart              |       |       |     6 ||     6
  Use: Scroll            |     4 |     4 |     7 ||    15
       Potion            |     1 |     1 |     3 ||     5
Armor: Scale mail        |    23 |       |       ||    23
       Plate armour      |    18 |    77 |    88 ||   183
Dodge: Dodged            |    28 |    28 |    35 ||    91
Block: Buckler           |    24 |    37 |    52 ||   113
